[Event "Titled Tuesday Blitz October 31 Early 2023"]
[White "Sokolovsky, Yahli"]
[Black "Daneshvar, Bardiya"]
[WhiteFideId "2820242"]
[BlackFideId "12576468"]
[WhiteElo "2779"]
[BlackElo "2949"]
[Result "0-1"]
[Round "6"]
[TimeControl "180+1"]
[Date "2023.10.31"]
[WhiteClock "0:00:01"]
[BlackClock "0:02:08"]
[Board "14"]

1. b3 b6 2. Bb2 Bb7 3. e3 d6 4. d4 e6 5. Nf3 g6 6. d5 Nf6 7. dxe6 fxe6 8. Bc4 d5 9. Bb5+ c6 10. Bd3 Bg7 11. h4 Qe7 12. Nbd2 Nbd7 13. Ne5 Nh5 14. Ndf3 Qd6 15. g4 Nxe5 16. Nxe5 Bxe5 17. Bxe5 Qxe5 18. gxh5 gxh5 19. Rg1 O-O-O 20. Rg5 Qc3+ 21. Kf1 h6 22. Rg6 e5 23. Qe1 Qc5 24. Qe2 Kb8 25. Bf5 Rdf8 26. Qxh5 Qc3 27. Rd1 e4 28. Bg4 Qxc2 29. Be2 Ba6 30. Re1 Bxe2+ 31. Rxe2 Qd1+ 32. Kg2 Rxf2+ 33. Kxf2 Rf8+ 34. Kg3 Rf3+ 35. Qxf3 exf3 36. Kxf3 Qf1+ 37. Rf2 Qh3+ 38. Ke2 Qxh4 39. Rgf6 Kb7 40. Kd2 h5 41. Rf7+ Ka6 42. Rc7 Qxf2+ 0-1


[Site "https://www.chess.com"]

[Event "Titled Tuesday Blitz October 31 Early 2023"]
[White "Chigaev, Maksim"]
[Black "Taher, Yoseph Theolifus"]
[WhiteFideId "4108116"]
[BlackFideId "7105347"]
[WhiteElo "2923"]
[BlackElo "2771"]
[Result "1/2-1/2"]
[Round "6"]
[TimeControl "180+1"]
[Date "2023.10.31"]
[WhiteClock "0:00:04"]
[BlackClock "0:00:33"]
[Board "15"]

1. e4 c5 2. Ne2 g6 3. g3 Bg7 4. Bg2 Nc6 5. O-O e5 6. Nbc3 Nge7 7. f4 d6 8. d3 h5 9. h3 Be6 10. Nd5 Qd7 11. Kh2 f5 12. c4 h4 13. exf5 hxg3+ 14. Nxg3 Nxf5 15. Ne4 O-O-O 16. Ng5 Nh4 17. Nxe6 Qxe6 18. Be4 Nf5 19. Qg4 Rh7 20. fxe5 Nxe5 21. Qxf5 gxf5 22. Bxf5 Qxf5 23. Rxf5 Rdh8 24. Bf4 Rxh3+ 25. Kg2 Rxd3 26. b3 Nxc4 27. bxc4 Bxa1 28. Bxd6 Rg8+ 29. Kf1 Rd1+ 30. Ke2 Rgg1 31. Bf4 Rge1+ 32. Kf3 Rf1+ 33. Kg4 Rd4 34. Rf8+ Kd7 35. Rf7+ Ke8 36. Rxb7 Rxc4 37. Kf5 Rd4 38. Nf6+ Kd8 39. Rb8+ Ke7 40. Rb7+ Kd8 41. Rb8+ Ke7 42. Rb7+ Kd8 1/2-1/2


[Site "https://www.chess.com"]

[Event "Titled Tuesday Blitz October 31 Early 2023"]
[White "Fecker, Noah"]
[Black "Ilamparthi A R"]
[WhiteFideId "1334263"]
[BlackFideId "45015775"]
[WhiteElo "2762"]
[BlackElo "2919"]
[Result "0-1"]
[Round "6"]
[TimeControl "180+1"]
[Date "2023.10.31"]
[WhiteClock "0:00:12"]
[BlackClock "0:00:22"]
[Board "16"]

1. Nf3 Nf6 2. g3 g6 3. Bg2 Bg7 4. O-O O-O 5. d3 d6 6. e4 c5 7. Re1 Nc6 8. Nbd2 Rb8 9. a4 a6 10. c3 e5 11. Nc4 b5 12. axb5 axb5 13. Ne3 h6 14. Bd2 Be6 15. b4 cxb4 16. cxb4 Qb6 17. Bc3 Ra8 18. Qd2 Nd4 19. Bxd4 exd4 20. Nc2 Nd7 21. Ra5 Rac8 22. Rea1 Bb3 23. Ra6 Rxc2 24. Rxb6 Rxd2 25. Nxd2 Nxb6 26. Nxb3 Na4 27. e5 dxe5 28. Bc6 Nc3 29. Ra7 Rc8 30. Bd7 Rd8 31. Rb7 e4 32. dxe4 d3 33. Nd2 Ne2+ 34. Kf1 Bc3 35. Nf3 Nc1 36. Bxb5 d2 37. Nxd2 Rxd2 38. Bc4 Kf8 39. Rxf7+ Ke8 40. b5 Bd4 41. Bd5 Rb2 42. Rh7 Rxf2+ 43. Ke1 Nd3+ 44. Kd1 Bc3 0-1


[Site "https://www.chess.com"]

[Event "Titled Tuesday Blitz October 31 Early 2023"]
[White "Pranav Anand"]
[Black "mind1mover"]
[WhiteFideId "46626786"]
[WhiteElo "2917"]
[BlackElo "2758"]
[Result "0-1"]
[Round "6"]
[TimeControl "180+1"]
[Date "2023.10.31"]
[WhiteClock "0:00:19"]
[BlackClock "0:00:05"]
[Board "17"]

1. d4 d6 2. e4 Nf6 3. Nc3 e5 4. Nf3 Nbd7 5. Bc4 Be7 6. O-O O-O 7. Re1 c6 8. a4 h6 9. h3 Re8 10. Be3 exd4 11. Bxd4 Nf8 12. Qd3 Be6 13. a5 Qc7 14. e5 dxe5 15. Bxe5 Qd8 16. Qf1 Bxc4 17. Qxc4 Ng6 18. a6 Qb6 19. axb7 Qxb7 20. b3 Nd5 21. Nxd5 cxd5 22. Qd3 Nxe5 23. Rxe5 Bf6 24. Rxe8+ Rxe8 25. Rd1 Rc8 26. Qf5 Qc6 27. Rd2 Rd8 28. h4 Qe6 29. Qxe6 fxe6 30. c4 dxc4 31. Rxd8+ Bxd8 32. bxc4 a5 33. Nd4 a4 34. Nc6 a3 35. Nb4 Bxh4 36. g3 Be7 37. Na2 Kf7 38. Kg2 Kf6 39. Kf3 Kf5 40. Nc3 Bb4 41. Na2 Bc5 42. Nc3 g5 43. g4+ Ke5 44. Ke2 Kd4 45. Na2 Kxc4 46. Kd2 Bxf2 47. Kc2 Bd4 48. Nc1 Bb2 49. Ne2 Be5 50. Nc1 Kd5 51. Kb3 Bb2 52. Nd3 Ke4 53. Nc5+ Kf4 54. Nxe6+ Kxg4 55. Nc7 h5 56. Nd5 h4 57. Ne3+ Kh5 58. Nd5 h3 59. Ne3 g4 60. Nf5 Kg5 61. Ng3 Kf4 62. Nf1 g3 0-1


[Site "https://www.chess.com"]

[Event "Titled Tuesday Blitz October 31 Early 2023"]
[White "Mahdavi, Reza"]
[Black "Fier, Alexandr"]
[WhiteFideId "12595926"]
[BlackFideId "2107139"]
[WhiteElo "2916"]
[BlackElo "2754"]
[Result "1-0"]
[Round "6"]
[TimeControl "180+1"]
[Date "2023.10.31"]
[WhiteClock "0:01:54"]
[BlackClock "0:01:11"]
[Board "18"]

1. c4 b6 2. Nf3 Bb7 3. d4 e6 4. Nc3 Bb4 5. g3 Ne7 6. Bg2 O-O 7. O-O Bxc3 8. bxc3 d6 9. a4 a5 10. Ba3 Nd7 11. Rb1 Be4 12. Rb2 Nf6 13. c5 Nf5 14. cxb6 cxb6 15. Nd2 Bxg2 16. Kxg2 Qc7 17. e4 Ne7 18. Qb3 Rfb8 19. Re1 d5 20. e5 Ne8 21. Rc1 Qc6 22. Bxe7 Rb7 23. Ba3 Rab8 24. Qb5 Qc8 25. c4 dxc4 26. Rxc4 Qd8 27. Rbc2 Rd7 28. Nf3 h6 29. Qa6 Nc7 30. Qa7 Nd5 31. Qxb8 Qxb8 32. Rc8+ Rd8 33. Rxb8 Rxb8 34. Bd6 Rb7 35. Rb2 Nc3 36. Nd2 Nxa4 37. Rb3 b5 38. Ne4 b4 39. Nc5 Nxc5 40. dxc5 a4 41. c6 1-0


[Site "https://www.chess.com"]

[Event "Titled Tuesday Blitz October 31 Early 2023"]
[White "Srihari L R"]
[Black "Erdogmus, Yagiz Kaan"]
[WhiteFideId "46617116"]
[BlackFideId "44599790"]
[WhiteElo "2750"]
[BlackElo "2910"]
[Result "0-1"]
[Round "6"]
[TimeControl "180+1"]
[Date "2023.10.31"]
[WhiteClock "0:00:34"]
[BlackClock "0:00:15"]
[Board "19"]

1. d4 Nf6 2. Bg5 e6 3. Nd2 d5 4. e3 Be7 5. Bd3 O-O 6. c3 Nbd7 7. f4 b6 8. Nh3 Bb7 9. Nf2 c5 10. O-O Ne8 11. Bxe7 Qxe7 12. Nf3 Nd6 13. Ne5 Nf6 14. Qf3 Nfe4 15. Qh3 f6 16. Nf3 Rac8 17. Rad1 Rfd8 18. Nd2 f5 19. Nf3 b5 20. Ne5 b4 21. cxb4 cxd4 22. exd4 Nxf2 23. Rxf2 Ne4 24. Bxe4 dxe4 25. a3 Bd5 26. Qe3 Rc7 27. g4 Rdc8 28. gxf5 exf5 29. h3 Qh4 30. Rg2 Rc2 31. Rdd2 Rc1+ 32. Kh2 Re1 33. Qf2 Rh1+ 34. Kxh1 Qxh3+ 35. Kg1 Rc1+ 36. Qf1 Rxf1+ 37. Kxf1 e3 38. Rc2 Bxg2+ 39. Ke2 Bf1+ 40. Ke1 Ba6 41. b5 Qh1+ 42. Ke2 Qg2+ 43. Kd3 Bxb5+ 0-1


[Site "https://www.chess.com"]

[Event "Titled Tuesday Blitz October 31 Early 2023"]
[White "Henriquez Villagra, Cristobal"]
[Black "Schmakel, Sam"]
[WhiteFideId "3409350"]
[BlackFideId "2039311"]
[WhiteElo "2898"]
[BlackElo "2744"]
[Result "1-0"]
[Round "6"]
[TimeControl "180+1"]
[Date "2023.10.31"]
[WhiteClock "0:01:14"]
[BlackClock "0:00:00"]
[Board "20"]

1. e4 e5 2. Nf3 Nc6 3. Bb5 a6 4. Ba4 Nf6 5. Nc3 d6 6. a3 g6 7. h3 Bg7 8. O-O O-O 9. Re1 Nd4 10. Nxd4 exd4 11. Nd5 Nxd5 12. exd5 b5 13. Bb3 d3 14. Qf3 dxc2 15. Bxc2 Re8 16. Re3 Bd4 17. a4 Bxe3 18. fxe3 bxa4 19. Rxa4 Bd7 20. Rf4 f5 21. b3 a5 22. Bb2 Qe7 23. Bc3 Reb8 24. h4 Rc8 25. Qg3 c5 26. h5 Qf7 27. hxg6 Qxg6 28. Qh2 c4 29. bxc4 a4 30. Rh4 a3 31. Rh6 1-0


[Site "https://www.chess.com"]

[Event "Titled Tuesday Blitz October 31 Early 2023"]
[White "Kislinsky, Alexey"]
[Black "Kazakouski, Valery"]
[WhiteFideId "14108801"]
[BlackFideId "13507443"]
[WhiteElo "2738"]
[BlackElo "2879"]
[Result "0-1"]
[Round "6"]
[TimeControl "180+1"]
[Date "2023.10.31"]
[WhiteClock "0:00:09"]
[BlackClock "0:01:23"]
[Board "21"]

1. e4 c5 2. c3 a6 3. d4 cxd4 4. cxd4 d5 5. e5 Nc6 6. h3 Bf5 7. Nf3 e6 8. a3 Nge7 9. Nc3 Nc8 10. Bd3 Bxd3 11. Qxd3 Be7 12. O-O O-O 13. Ne1 Nb6 14. Nc2 Rc8 15. Re1 Na5 16. Rb1 Qd7 17. Qg3 Kh8 18. Bg5 Rc7 19. Bxe7 Qxe7 20. f4 Nac4 21. Ne3 Rfc8 22. Nxc4 Nxc4 23. f5 Nxa3 24. Rbc1 Nb5 25. f6 gxf6 26. exf6 Qxf6 27. Rf1 Qxd4+ 28. Kh1 Nxc3 29. bxc3 Qg7 30. Qf4 Rg8 31. g4 f5 32. Rg1 Rc4 33. Qd6 fxg4 34. Qxe6 g3 35. Qxd5 Rh4 36. Kg2 Rf4 37. Rcf1 Rf2+ 0-1


[Site "https://www.chess.com"]

[Event "Titled Tuesday Blitz October 31 Early 2023"]
[White "Kovalev, Vladislav"]
[Black "Krzyzanowski, Marcin"]
[WhiteFideId "13504398"]
[BlackFideId "1132199"]
[WhiteElo "2876"]
[BlackElo "2738"]
[Result "1-0"]
[Round "6"]
[TimeControl "180+1"]
[Date "2023.10.31"]
[WhiteClock "0:00:10"]
[BlackClock "0:00:02"]
[Board "22"]

1. e4 c5 2. Nf3 Nc6 3. Bb5 a6 4. Bxc6 dxc6 5. O-O Bg4 6. d3 e5 7. h3 Bxf3 8. Qxf3 Ne7 9. a4 a5 10. Nd2 Ng6 11. Nc4 Bd6 12. Be3 O-O 13. c3 b5 14. Nxd6 Qxd6 15. Rfd1 Rfd8 16. g3 Nf8 17. h4 Ne6 18. h5 h6 19. Kg2 Rdb8 20. Qg4 Kf8 21. Rd2 bxa4 22. Rxa4 Rb5 23. f4 Rab8 24. fxe5 Qxe5 25. Qf5 f6 26. Rf2 Rxb2 27. Qxe5 Rxf2+ 28. Bxf2 fxe5 29. Rxa5 Rb5 30. Ra6 Rb3 31. Rxc6 Kf7 32. Be1 Rb2+ 33. Kf3 Rb1 34. Ke2 Rb2+ 35. Bd2 Rb1 36. Rd6 Rh1 37. g4 Rh2+ 38. Kd1 Rg2 39. Rd5 Kf6 40. Be3 Rg3 41. Bxc5 Nxc5 42. Rxc5 Rxd3+ 43. Kc2 Re3 44. Rc6+ Kf7 45. Rc4 Rg3 46. Rc5 Kf6 47. Rc6+ Kf7 48. Rg6 Re3 49. c4 Rxe4 50. Kd3 Rd4+ 51. Kc3 Rf4 52. c5 Rf1 53. c6 Rc1+ 54. Kd3 Rc5 55. Ke4 Kf8 56. Kf5 Kf7 57. Rd6 Rc4 58. Rd7+ Kf8 59. c7 Ke8 60. Rd8+ Ke7 61. c8=Q Rf4+ 62. Kxe5 Ra4 63. Qd7# 1-0


[Site "https://www.chess.com"]

[Event "Titled Tuesday Blitz October 31 Early 2023"]
[White "Svane, Frederik"]
[Black "djokovic74"]
[WhiteFideId "12923044"]
[WhiteElo "2871"]
[BlackElo "2726"]
[Result "1-0"]
[Round "6"]
[TimeControl "180+1"]
[Date "2023.10.31"]
[WhiteClock "0:00:32"]
[BlackClock "0:00:02"]
[Board "23"]

1. g3 d5 2. Nf3 Nf6 3. Bg2 e6 4. O-O Be7 5. c4 O-O 6. b3 d4 7. e3 c5 8. Ne5 Nfd7 9. Nxd7 Qxd7 10. d3 dxe3 11. Bxe3 Bf6 12. Na3 Bxa1 13. Qxa1 Na6 14. Rd1 Rd8 15. Nb5 Nc7 16. Nc3 Rb8 17. Bxc5 b6 18. Be3 Bb7 19. Ne4 Ne8 20. d4 Bxe4 21. Bxe4 Nd6 22. Bc2 Rbc8 23. Qc3 Nf5 24. Bxf5 exf5 25. d5 Re8 26. b4 Qa4 27. Qb3 Qd7 28. c5 bxc5 29. bxc5 Rb8 30. c6 Qe7 31. Qc2 Rbd8 32. Qxf5 Qd6 33. Bf4 Qc5 34. c7 Rc8 35. Rc1 Qb5 36. g4 g6 37. a4 Qxa4 38. Qf6 Re4 39. Bh6 Qd4 40. Qd8+ Re8 41. Qd7 Qd3 42. Qxe8+ Rxe8 43. c8=Q Qe4 44. Qc4 Qe5 45. Qc3 Qxc3 46. Rxc3 f5 47. Rc7 fxg4 48. d6 Re1+ 49. Kg2 Rd1 50. d7 a5 51. Rc8+ Kf7 52. d8=Q Rxd8 53. Rxd8 1-0


[Site "https://www.chess.com"]

[Event "Titled Tuesday Blitz October 31 Early 2023"]
[White "Harikrishnan.A.Ra"]
[Black "Ivic, Velimir"]
[WhiteFideId "5081483"]
[BlackFideId "950122"]
[WhiteElo "2692"]
[BlackElo "2858"]
[Result "1/2-1/2"]
[Round "6"]
[TimeControl "180+1"]
[Date "2023.10.31"]
[WhiteClock "0:00:06"]
[BlackClock "0:00:05"]
[Board "24"]

1. d4 Nf6 2. Nf3 g6 3. Nc3 d5 4. Bf4 Bg7 5. Nb5 Na6 6. e3 O-O 7. h3 c6 8. Nc3 Qb6 9. Rb1 c5 10. Be5 cxd4 11. Qxd4 Qxd4 12. Nxd4 Nc5 13. Bxf6 exf6 14. Nxd5 f5 15. c3 Bd7 16. Be2 Ne4 17. Bf3 Rfd8 18. Rd1 Ba4 19. Nb3 Ng5 20. O-O Nxf3+ 21. gxf3 Kf8 22. Rd2 Rd6 23. Rfd1 Rad8 24. Nf4 Rxd2 25. Rxd2 Rxd2 26. Nxd2 Bc6 27. Kf1 Ke7 28. Ke2 h5 29. Nb3 b6 30. Nd4 Bb7 31. Nd3 Bd5 32. b3 h4 33. Nb4 Bb7 34. Nbc6+ Kd7 35. Nxa7 g5 36. Nxf5 Bxc3 37. Nb5 Be5 38. Nbd4 Bc8 39. Nh6 Kc7 40. Ndf5 f6 41. e4 Ba6+ 42. Ke3 Bf1 43. Ng4 Bf4+ 44. Kd4 Bxh3 45. Nxf6 Bg2 46. Nh5 h3 47. Nfg3 Bxf3 48. Nxf4 gxf4 49. Nf1 Kd6 50. Nh2 Be2 51. a4 Bd1 52. Kc4 Ke5 53. f3 Be2+ 54. Kc3 Bd1 55. Kc4 Be2+ 56. Kc3 Ba6 57. b4 Be2 58. a5 bxa5 59. bxa5 Kd6 60. Kd4 Ba6 61. e5+ Kc6 62. Ke4 Kb5 63. Kxf4 Kxa5 64. e6 Kb6 65. Ke5 Bb5 66. f4 Kc7 67. f5 Kd8 68. f6 Ke8 69. Kf5 Bd3+ 70. Ke5 Kf8 71. Kd6 Bb5 72. Kc7 Ke8 73. Ng4 Be2 74. Nh2 Bb5 75. Kd6 Bc4 76. Ke5 Bd3 77. f7+ Ke7 78. Ng4 Bg6 79. Kd5 Bh5 80. Nh2 Bg6 81. Ke5 Bxf7 82. exf7 Kxf7 83. Kf5 Ke7 84. Kg4 Kd7 85. Kxh3 1/2-1/2


[Site "https://www.chess.com"]

[Event "Titled Tuesday Blitz October 31 Early 2023"]
[White "Volkov, Maksim"]
[Black "Madaminov, Mukhiddin"]
[WhiteFideId "54123070"]
[BlackFideId "14210703"]
[WhiteElo "2661"]
[BlackElo "2852"]
[Result "0-1"]
[Round "6"]
[TimeControl "180+1"]
[Date "2023.10.31"]
[WhiteClock "0:00:02"]
[BlackClock "0:01:01"]
[Board "25"]

1. d4 e6 2. c4 b6 3. e4 Bb4+ 4. Bd2 Bxd2+ 5. Nxd2 d5 6. exd5 exd5 7. Ngf3 Ne7 8. Bd3 O-O 9. O-O Nbc6 10. Re1 Bf5 11. Bf1 Nb4 12. Nh4 Bc2 13. Qg4 Ng6 14. Nhf3 Bd3 15. a3 Bxf1 16. Rxf1 Nd3 17. b3 Ngf4 18. Ne5 dxc4 19. Nxd3 Nxd3 20. bxc4 f5 21. Qg3 Qxd4 22. Qxc7 Ne5 23. Rad1 Rf7 24. Nb3 Qxf2+ 25. Rxf2 Rxc7 26. c5 Ng4 27. Rc2 Ne3 0-1


[Site "https://www.chess.com"]

[Event "Titled Tuesday Blitz October 31 Early 2023"]
[White "Nurmanova, Alua"]
[Black "Ashraf, Artin"]
[WhiteFideId "13729390"]
[BlackFideId "22514805"]
[WhiteElo "2659"]
[BlackElo "2841"]
[Result "0-1"]
[Round "6"]
[TimeControl "180+1"]
[Date "2023.10.31"]
[WhiteClock "0:00:03"]
[BlackClock "0:00:51"]
[Board "26"]

1. e4 c5 2. Nf3 d6 3. d4 cxd4 4. Nxd4 Nf6 5. Nc3 a6 6. Bg5 Nc6 7. Bc4 e6 8. Qd2 Bd7 9. O-O-O Rc8 10. Bb3 Na5 11. Kb1 h6 12. Bxf6 Qxf6 13. f4 Qd8 14. f5 e5 15. Nf3 b5 16. Nd5 Bc6 17. Rhf1 Be7 18. Nxe7 Kxe7 19. Nxe5 Nxb3 20. axb3 Bxe4 21. Nd3 d5 22. Qf4 Qd6 23. Qg4 Qf6 24. b4 Rc4 25. Qg3 Rhc8 26. Rf2 Kf8 27. Qe3 d4 28. Qxe4 Qd6 29. g4 Re8 30. Qf3 a5 31. bxa5 Qa6 32. f6 g5 33. Qf5 Kg8 34. h4 Qxa5 35. hxg5 Ra4 36. b4 Ra1+ 37. Kb2 Qa3# 0-1


[Site "https://www.chess.com"]

[Event "Titled Tuesday Blitz October 31 Early 2023"]
[White "Brown, Andrew"]
[Black "Sychev, Klementy"]
[WhiteFideId "3206513"]
[BlackFideId "4114060"]
[WhiteElo "2566"]
[BlackElo "2833"]
[Result "0-1"]
[Round "6"]
[TimeControl "180+1"]
[Date "2023.10.31"]
[WhiteClock "0:00:02"]
[BlackClock "0:00:16"]
[Board "27"]

1. d4 a6 2. e4 c6 3. c4 d5 4. Nc3 dxe4 5. f3 Nf6 6. fxe4 e5 7. d5 Bb4 8. Bd3 Nxe4 9. Ne2 cxd5 10. Bxe4 Qh4+ 11. Kf1 dxe4 12. Nd5 Bc5 13. Nc7+ Kf8 14. g3 Qf6+ 15. Nf4 exf4 16. Bxf4 Bh3+ 17. Ke1 Bb4+ 18. Bd2 Bc5 19. Qh5 Qf2+ 20. Kd1 Bg2 21. Ne6+ fxe6 22. Kc2 Bxh1 23. Rxh1 Qf5 24. Rf1 Qxf1 25. Qxc5+ Ke8 26. Qc8+ Kf7 27. Qxb7+ Kg6 28. Qxa8 Qd3+ 29. Kc1 e3 30. Be1 Rd8 31. Qf3 e2 32. Qg4+ Kf7 33. Qf4+ Kg8 34. Bd2 Nc6 35. Qg4 Qxd2+ 0-1


[Site "https://www.chess.com"]

[Event "Titled Tuesday Blitz October 31 Early 2023"]
[White "Di Nicolantonio, Lucas"]
[Black "Bluebaum, Matthias"]
[WhiteFideId "680460"]
[BlackFideId "24651516"]
[WhiteElo "2623"]
[BlackElo "3063"]
[Result "1/2-1/2"]
[Round "6"]
[TimeControl "180+1"]
[Date "2023.10.31"]
[WhiteClock "0:00:15"]
[BlackClock "0:00:52"]
[Board "28"]

1. e4 e6 2. d4 d5 3. e5 c5 4. c3 Nc6 5. Nf3 Nge7 6. Bd3 cxd4 7. cxd4 Nf5 8. Bxf5 exf5 9. Nc3 Be7 10. h4 O-O 11. Bg5 f6 12. exf6 Bxf6 13. Qb3 Bxg5 14. hxg5 f4 15. Rh4 Qe7+ 16. Kd2 Be6 17. Rah1 Na5 18. Qb5 Nc4+ 19. Kc1 Qd7 20. Qxd7 Bxd7 21. Rxh7 Bf5 22. R7h4 Rac8 23. Rxf4 b5 24. Rfh4 b4 25. Rh8+ Kf7 26. Rxf8+ Rxf8 27. Nxd5 Rc8 28. Nxb4 a5 29. Nd5 Ne5+ 30. Nc3 Nd3+ 31. Kd2 Nxb2 32. Ne5+ Ke6 33. Re1 Kd6 34. g4 Be6 35. Rb1 Nc4+ 36. Nxc4+ Bxc4 37. Rb6+ Ke7 38. d5 Rd8 39. Rb7+ Kd6 40. Rxg7 Kc5 41. Rc7+ Kd4 42. g6 Rf8 43. Ne2+ Kxd5 44. g7 Rg8 45. Ng3 Bxa2 46. Nh5 Ke5 47. g5 Rd8+ 48. Ke3 Kf5 49. Nf6 Kxg5 50. g8=Q+ Bxg8 51. Nxg8 Rxg8 52. Rc5+ Kg4 53. Rxa5 Re8+ 54. Kd4 Kf4 55. Ra3 Rd8+ 56. Kc5 Rd2 57. Re3 Rxf2 58. Rc3 Rb2 59. Rc4+ Ke5 60. Rb4 Rc2+ 61. Rc4 Rh2 62. Rb4 Rh8 63. Rc4 Rg8 64. Rb4 Rc8+ 65. Kb5 Kd5 66. Ka4 Rc3 67. Rb3 Rc1 68. Kb4 Rc8 69. Rd3+ Ke4 70. Rc3 Rb8+ 71. Kc4 Ra8 72. Rb3 Rc8+ 73. Kb4 Kd4 74. Ka3 Rc2 75. Rb4+ Kc5 76. Rb3 Rh2 77. Rc3+ Kb5 78. Rb3+ Kc4 79. Rb4+ Kc5 80. Rb3 Rg2 81. Rc3+ Kb5 82. Rb3+ Kc5 83. Rc3+ Kd4 84. Rb3 Kc4 85. Rb4+ Kc5 86. Rb3 Rc2 87. Rb2 Rc1 88. Rb3 Kc4 89. Rb4+ Kc3 90. Rb3+ Kd4 91. Rb4+ Kc5 92. Rb3 Ra1+ 93. Kb2 Rg1 94. Rc3+ Kd4 95. Rc2 Rg3 96. Rd2+ Kc4 97. Rc2+ Kb4 98. Rd2 Rb3+ 99. Kc2 Rc3+ 100. Kd1 Rh3 101. Ke2 Kc3 102. Rd1 Kc4 103. Kd2 Kd4 104. Ke2+ Ke4 105. Kd2 Rh2+ 106. Kc3 Rh3+ 107. Kc4 Rh2 1/2-1/2


[Site "https://www.chess.com"]

[Event "Titled Tuesday Blitz October 31 Early 2023"]
[White "Mikaelyan, Arman"]
[Black "Kleiman, Jake"]
[WhiteFideId "13304852"]
[BlackFideId "2020041"]
[WhiteElo "2908"]
[BlackElo "2671"]
[Result "0-1"]
[Round "6"]
[TimeControl "180+1"]
[Date "2023.10.31"]
[WhiteClock "0:00:08"]
[BlackClock "0:00:27"]
[Board "29"]

1. d4 Nf6 2. Nf3 e6 3. c4 Bb4+ 4. Nbd2 O-O 5. a3 Be7 6. e3 d5 7. b3 c5 8. Bb2 b6 9. Bd3 Bb7 10. O-O cxd4 11. exd4 dxc4 12. bxc4 Nc6 13. Qe2 Rc8 14. Rad1 Re8 15. Rfe1 Bf8 16. Ne4 Be7 17. Nxf6+ Bxf6 18. Qe4 g6 19. Qf4 Bg7 20. Ng5 Qf6 21. Qg3 Na5 22. Ba1 Qd8 23. d5 exd5 24. Bxg7 Kxg7 25. Qh4 h6 26. Qd4+ Qf6 27. Nf3 dxc4 28. Bb1 Bxf3 29. Qxf6+ Kxf6 30. gxf3 Rxe1+ 31. Rxe1 c3 32. Bc2 Nc4 33. Ra1 Rd8 34. Bb3 Na5 35. Ba4 Rd4 36. Bb5 c2 37. Be2 Nb3 0-1


[Site "https://www.chess.com"]

[Event "Titled Tuesday Blitz October 31 Early 2023"]
[White "Goltsev, Dmitry"]
[Black "Bharath Subramaniyam H"]
[WhiteFideId "24176710"]
[BlackFideId "46634827"]
[WhiteElo "2668"]
[BlackElo "2903"]
[Result "0-1"]
[Round "6"]
[TimeControl "180+1"]
[Date "2023.10.31"]
[WhiteClock "0:00:11"]
[BlackClock "0:00:53"]
[Board "30"]

1. e4 c5 2. Nf3 b6 3. d4 cxd4 4. Nxd4 Bb7 5. Nc3 Nc6 6. Bc4 e6 7. Ndb5 Qb8 8. g3 a6 9. Nd4 Nf6 10. O-O b5 11. Be2 Be7 12. a3 O-O 13. Bg5 h6 14. Be3 Rc8 15. Nb3 Ne5 16. f3 d5 17. exd5 Nxd5 18. Nxd5 Bxd5 19. Nd4 Nc4 20. Bxc4 bxc4 21. Rb1 Qb7 22. c3 Rd8 23. Qc2 Bf6 24. Qf2 e5 25. Nf5 Be6 26. Qc2 Rd3 27. Nxh6+ gxh6 28. Bxh6 Bf5 29. Qg2 Rad8 30. Rbe1 Qb6+ 31. Kh1 R3d6 32. Be3 Qb7 33. h4 Bh8 34. g4 Bd3 35. Rg1 Rb8 36. Bc1 Rf6 37. Re3 e4 38. fxe4 Re6 39. Rge1 Rbe8 40. Kg1 Bxe4 41. Qf2 Bg7 42. g5 Bf8 43. Rg3 Bd3 44. Rxe6 Rxe6 45. Be3 Qd5 46. h5 Rxe3 47. Rxe3 Bc5 48. g6 Qg5+ 49. Kh2 Qxh5+ 50. Rh3 Qxh3+ 51. Kxh3 Bxf2 52. gxf7+ Kxf7 53. Kg4 Be3 54. a4 Bc1 55. a5 Bxb2 56. Kf4 Bxc3 57. Ke3 Bxa5 58. Kd4 Ke6 59. Kc5 Bc3 60. Kb6 a5 61. Kc6 a4 62. Kb5 a3 63. Kc6 a2 64. Kc5 a1=Q 65. Kb5 Qa5+ 66. Kc6 Be4# 0-1


[Site "https://www.chess.com"]

[Event "Titled Tuesday Blitz October 31 Early 2023"]
[White "Janaszak, Dawid"]
[Black "Rustemov, Alexander"]
[WhiteFideId "1119206"]
[BlackFideId "4119002"]
[WhiteElo "2666"]
[BlackElo "2892"]
[Result "1/2-1/2"]
[Round "6"]
[TimeControl "180+1"]
[Date "2023.10.31"]
[WhiteClock "0:00:37"]
[BlackClock "0:00:28"]
[Board "31"]

1. c4 c5 2. Nf3 g6 3. e4 Bg7 4. d4 Qa5+ 5. Bd2 Qb6 6. Bc3 cxd4 7. Bxd4 Bxd4 8. Qxd4 Qxd4 9. Nxd4 d6 10. Nc3 Nf6 11. f3 Nc6 12. O-O-O Nxd4 13. Rxd4 Be6 14. b3 Rc8 15. Kb2 a6 16. Be2 O-O 17. a4 a5 18. Rhd1 Nd7 19. g3 Nc5 20. f4 Kg7 21. Bf3 b6 22. R4d2 f6 23. Nb5 Rfd8 24. Na7 Rc7 25. Nb5 Rcd7 26. Nd4 Bf7 27. Kc3 Kf8 28. Bg4 Rc7 29. Bf3 Rcd7 30. Nc6 Rc8 31. Nd4 Rdd8 32. Re1 e5 33. Nb5 Ke7 34. Red1 Nb7 35. h4 Be6 36. Na7 Rc7 37. Nb5 Rc5 38. Kb2 h6 39. Nc3 Rc7 40. Nb5 Rcd7 41. Na7 Kf8 42. Nb5 Ke7 43. Na7 Rc7 44. Nb5 Rc6 45. h5 g5 46. f5 Bf7 47. g4 Nc5 48. Na7 Rc7 49. Nb5 Rcd7 50. Nc3 Na6 51. Na2 Rc7 52. Nc3 Nb4 53. Nb5 Rcd7 54. Nc3 Nc6 55. Nb5 Nb4 56. Bg2 Na6 57. Bf3 Nc5 58. Bg2 Nb7 59. Bf3 Kf8 60. Bg2 Be8 61. Nc3 Bf7 62. Nb5 Ke7 63. Na7 Rc7 64. Nb5 Rc6 65. Bf3 Nc5 66. Na7 Rc7 67. Nb5 Rcd7 1/2-1/2


[Site "https://www.chess.com"]

[Event "Titled Tuesday Blitz October 31 Early 2023"]
[White "Prestia, Paris"]
[Black "Kozak, Antoni"]
[WhiteFideId "30925959"]
[BlackFideId "21832030"]
[WhiteElo "2612"]
[BlackElo "2832"]
[Result "1/2-1/2"]
[Round "6"]
[TimeControl "180+1"]
[Date "2023.10.31"]
[WhiteClock "0:00:21"]
[BlackClock "0:00:07"]
[Board "32"]

1. d4 Nf6 2. Bg5 d5 3. e3 c6 4. Nd2 Bf5 5. c4 e6 6. Ngf3 Nbd7 7. Qb3 Qb6 8. c5 Qc7 9. Bf4 Qc8 10. h3 Be7 11. Bd3 O-O 12. O-O Bd8 13. Bxf5 exf5 14. Qc2 Ne4 15. b4 Bc7 16. a4 Bxf4 17. exf4 Qc7 18. Ne5 Rfe8 19. f3 Ng3 20. Rfe1 f6 21. Nxd7 Qxd7 22. Nf1 Nh5 23. g3 g6 24. Kf2 Ng7 25. Nd2 Ne6 26. Nb3 Re7 27. Re3 Rae8 28. Rae1 Kf7 29. Qe2 h5 30. h4 Qc7 31. b5 b6 32. bxc6 Qxc6 33. Qb5 Rc8 34. R1e2 Ree8 35. Qxc6 Rxc6 36. cxb6 axb6 37. a5 bxa5 38. Nxa5 Rb6 39. Rb3 Reb8 40. Reb2 Rxb3 41. Rxb3 Ra8 42. Rb7+ Kf8 43. Nc6 Ra2+ 44. Kf1 Rc2 45. Rb8+ Kg7 46. Rb7+ Kf8 47. Rb8+ Kf7 48. Rb7+ Kf8 1/2-1/2


[Site "https://www.chess.com"]

[Event "Titled Tuesday Blitz October 31 Early 2023"]
[White "Herzog2012"]
[Black "Mitrabha, Guha"]
[BlackFideId "5057000"]
[WhiteElo "2568"]
[BlackElo "2830"]
[Result "0-1"]
[Round "6"]
[TimeControl "180+1"]
[Date "2023.10.31"]
[WhiteClock "0:00:40"]
[BlackClock "0:01:42"]
[Board "33"]

1. e4 c6 2. d4 d5 3. Nc3 dxe4 4. Nxe4 Nf6 5. Nxf6+ exf6 6. c3 Bd6 7. Bd3 O-O 8. Qc2 Re8+ 9. Ne2 h5 10. O-O Nd7 11. Be3 Nf8 12. c4 h4 13. h3 Be6 14. Rad1 Rc8 15. Qb3 b5 16. d5 cxd5 17. cxd5 Bd7 18. Bxa7 Ng6 19. Bxb5 Bxb5 20. Qxb5 Qe7 21. Be3 Qe5 22. Rfe1 Qh2+ 23. Kf1 Qh1+ 24. Ng1 Bh2 25. Ke2 Qxg2 26. Kd2 Ne5 27. Rc1 Bxg1 28. Rxg1 Nf3+ 29. Kd3 Nxg1 30. d6 Qe4+ 31. Kd2 Rxc1 32. Kxc1 Rc8+ 33. Kd2 Qc2+ 34. Ke1 Qb1+ 35. Kd2 Rc2+ 36. Kd3 Rc5+ 37. Kd4 Rxb5 38. Kc4 Rxb2 39. d7 Qc2+ 40. Kd5 Qd3+ 41. Kc6 Rc2+ 42. Kb7 Qxd7+ 43. Kb6 Qc6+ 44. Ka5 Rxa2+ 45. Kb4 Ra4+ 46. Kb3 Qc4+ 47. Kb2 Ra2+ 48. Kb1 Qc2# 0-1


[Site "https://www.chess.com"]